 Dungeon Crawl Stone Soup version 0.31.0 (webtiles) character file.

Game seed: 11822158054460876051

159 qw the Shooter (level 5, 0/32 HPs)
             Began as a Gargoyle Hunter on Jan 19, 2024.
             Slain by a goblin
             ... wielding a +0 dagger
             ... led by Robin
              (2 damage)
             ... on level 3 of the Dungeon.
             The game lasted 00:00:07 (1696 turns).

qw the Shooter (Gargoyle Hunter)                    Turns: 1696, Time: 00:00:07

Health: 0/32       AC: 11    Str: 15    XL:     5   Next: 40%
Magic:  5/5        EV: 11    Int:  9    God:
Gold:   106        SH:  0    Dex: 15    Spells: 4/4 levels left

rFire   . . .        a - +3 shortbow
rCold   . . .        (shield currently unavailable)
rNeg    + . .        f - +3 leather armour
rPois   inf          c - +0 helmet
rElec   +            (no cloak)
rCorr   .            (no gloves)
SInv    .            (no boots)
Will    .....        (no amulet)
Stlth   ++           (no ring)
HPRegen 0.25/turn    (no ring)
MPRegen 0.09/turn

%: no passive effects
@: no status effects
A: sickness immunity, AC +4, negative energy resistance 1, electricity
resistance, torment resistance 1, petrification resistance
a: no special abilities


You were on level 3 of the Dungeon.
You visited 1 branch of the dungeon, and saw 3 of its levels.

You collected 106 gold pieces.


Innate Abilities, Weirdness & Mutations

You are immune to sickness and miasma.
Your stone body is resilient. (AC +4)
You are immune to poison.
You resist negative energy. (rN+)
You are resistant to electric shocks. (rElec)
You are resistant to unholy torment.
You are immune to petrification.


   Skills:
 - Level 3.2 Fighting
 - Level 6.0 Ranged Weapons
 + Level 0.8 Armour
 - Level 1.5 Dodging
 - Level 1.1 Stealth


You had 4 spell levels left.
You didn't know any spells.
Your spell library was empty.

Inventory:

Hand Weapons
 a - a +3 shortbow (weapon)
Armour
 c - a +0 helmet (worn)
 f - a +3 leather armour (worn)
Jewellery
 h - a ring of fire
Scrolls
 g - a scroll of teleportation {unknown}
Potions
 d - 2 potions of might
 e - a potion of cancellation {unknown}
 i - a potion of degeneration {unknown}

Dungeon Overview and Level Annotations

Branches:
Dungeon (3/15)

Altars:


Message History

The goblin hits you with a +0 club.
The goblin hits you but does no damage. x2
The goblin misses you.
You shoot an arrow. The arrow barely misses Robin.
The goblin no longer looks unusually strong.
The goblin hits you but does no damage. The goblin hits you with a +0 dagger.
The goblin hits you but does no damage. x2; The goblin completely misses you.
The goblin hits you but does no damage.
You shoot an arrow. The arrow hits Robin.
Robin is heavily wounded.
The goblin barely misses you. The goblin hits you but does no damage.
Robin roars a battlecry!
The goblins go into a battle-frenzy!
The goblin barely misses you. The goblin misses you.
The goblin hits you but does no damage. x2
A hobgoblin comes into view.
The goblin hits you but does no damage. The goblin barely misses you. x2
The goblin hits you but does no damage. x3
Robin roars a battlecry!
The hobgoblin goes into a battle-frenzy!
You shoot an arrow. The arrow hits Robin.
Robin is heavily wounded.
The goblin misses you. The goblin barely misses you.
The goblin closely misses you. The goblin barely misses you.
The goblin closely misses you. The goblin hits you but does no damage.
Robin closely misses you.
You shoot an arrow. The arrow hits Robin!
You kill Robin!
The goblin barely misses you. The goblin hits you but does no damage.
The goblin hits you with a +0 dagger. The goblin hits you but does no damage.
The goblin closely misses you. The goblin barely misses you.
You shoot an arrow. The arrow hits the kobold.
You kill the kobold!
The goblin hits you with a +0 club. The goblin barely misses you.
The goblin closely misses you.
The goblin hits you but does no damage. x2
The goblin completely misses you.
You shoot an arrow. The arrow barely misses the hobgoblin.
The goblin hits you but does no damage. The goblin closely misses you.
The goblin hits you but does no damage. The goblin barely misses you.
The hobgoblin closely misses you. The goblin hits you with a +0 dagger.
You die...

.# .. .## ##..
#..## #g..#
###gg'###
###g@g..##
##..ggg....# ###
##...........#
..##
##......#......
...
##.....#####....
#.###
##.....#######...
....#####....####
###..
#.#...##....####
###.
#.#.#..'....###


You could see 2 hobgoblins and 6 goblins.

Vanquished Creatures
  Jessica (D:2)
  Robin (D:3)
  6 adders
  4 ribbon worms (D:2)
  4 ball pythons
  9 bats
  3 endoplasms
  2 giant cockroaches (D:2)
  4 goblins
  6 hobgoblins
  8 jackals (D:1)
  2 frilled lizards (D:2)
  4 kobolds
  3 rats
57 creatures vanquished.

Notes
Turn   | Place    | Note
-------+----------+-------------------------------------------
     0 | D:1      | qw the Gargoyle Hunter began the quest for the Orb.
     0 | D:1      | Reached XP level 1. HP: 12/12 MP: 1/1
     0 | D:1      | 0 ||| qw: Version: 0.3-a-132-g3d54051
     0 | D:1      | 0 ||| qw: Game counter: 79
     0 | D:1      | 0 ||| qw: Melee chars always use a shield: true
     0 | D:1      | 0 ||| qw: God list: Okawaru
     0 | D:1      | 0 ||| qw: Allow faded altars: false
     0 | D:1      | 0 ||| qw: Do Orc after clearing Dungeon:15 true
     0 | D:1      | 0 ||| qw: Do second Lair branch before Depths: true
     0 | D:1      | 0 ||| qw: Lair rune preference: random
     0 | D:1      | 0 ||| qw: Goals: Normal
     0 | D:1      | 0 ||| PLANNING D:1-11
   143 | D:1      | Reached XP level 2. HP: 17/17 MP: 2/2
   687 | D:1      | 687 ||| UPGRADING to +3 leather armour.
   697 | D:1      | 697 ||| DROPPING +0 leather armour.
   698 | D:1      | 698 ||| READING 3 scrolls labelled VINIPH TIPTEG.
   698 | D:1      | 698 ||| IDENTIFYING 2 coppery potions
   699 | D:1      | 699 ||| READING 2 scrolls of identify.
   699 | D:1      | 699 ||| IDENTIFYING scroll labelled IHEGADGHUDWIO
   700 | D:1      | 700 ||| READING scroll of identify.
   700 | D:1      | 700 ||| IDENTIFYING 2 scrolls labelled PYRGHA KYDIUSCH
   701 | D:1      | 701 ||| READING 2 scrolls labelled XONAEH SEOPPI.
   701 | D:1      | 701 ||| ENCHANTING +0 shortbow.
   702 | D:1      | 702 ||| READING scroll of enchant weapon.
   702 | D:1      | 702 ||| ENCHANTING +1 shortbow.
   703 | D:1      | 703 ||| DROPPING scroll of butterflies.
   704 | D:1      | 704 ||| DROPPING 2 scrolls of vulnerability.
   705 | D:1      | 705 ||| DROPPING scroll of fog.
   757 | D:2      | Reached XP level 3. HP: 15/21 MP: 3/3
   757 | D:2      | 757 ||| STAIRDANCE
   810 | D:2      | Reached skill level 5 in Ranged Weapons
   873 | D:2      | Noticed Jessica
   874 | D:2      | Killed Jessica
   875 | D:2      | Reached skill level 3 in Fighting
   875 | D:2      | Reached XP level 4. HP: 28/28 MP: 4/4
  1281 | D:2      | 1281 ||| READING scroll of enchant weapon.
  1281 | D:2      | 1281 ||| ENCHANTING +2 shortbow.
  1360 | D:2      | Reached XP level 5. HP: 31/32 MP: 5/5
  1521 | D:2      | 1521 ||| UPGRADING to +0 helmet.
  1526 | D:2      | 1526 ||| DRINKING 3 purple potions.
  1669 | D:3      | Noticed Robin
  1677 | D:3      | HP: 8/32 [goblin/+0 club[Robin] (4)]
  1678 | D:3      | 1678 ||| DRINKING 2 potions of heal wounds.
  1682 | D:3      | HP: 7/32 [goblin/+0 club[Robin] (6)]
  1683 | D:3      | 1683 ||| DRINKING potion of heal wounds.
  1689 | D:3      | Reached skill level 6 in Ranged Weapons
  1691 | D:3      | HP: 6/32 [goblin/+0 dagger[Robin] (4)]
  1694 | D:3      | Killed Robin
  1695 | D:3      | HP: 2/32 [goblin/+0 club[Robin] (3)]
  1696 | D:3      | Slain by a goblin

Levels and vault maps discovered:
D:1:      wander_arrival_estate, layout_basic
D:2:      layout_basic, uniq_jessica
D:3:      layout_loops_corners, gammafunk_temple_overflow_pools,
          chequers_ecumenical_altar_simple, kennysheep_donut, uniq_grinder,
          uniq_robin

Skill      XL: |  1  2  3  4  5 |
---------------+----------------+-----
Ranged Weapons | 5 6 |  6.0
Fighting       | 3 |  3.2
Armour         | |  0.8
Dodging        | |  1.5
Stealth        | |  1.1

Action                     |  1- 3 |  4- 6 || total
---------------------------+-------+-------++-------
   Fire: Shortbow          |    74 |    92 ||   166
    Use: Scroll            |     5 |     1 ||     6
         Potion            |       |     3 ||     3
 Armour: Leather armour    |    43 |   112 ||   155
  Dodge: Dodged            |    32 |    90 ||   122

Table legend:
 A = Non-vault XP
 B = Vault XP
 C = Vault XP percentage of total XP
 D = Non-vault monster count
 E = Vault monster count
 F = Vault count percentage of total count
                 A         B        C        D         E       F
            +---------+---------+-------+---------+---------+-------
      Total |     168 |      60 |  26.3 |      51 |       6 |  10.5
            +---------+---------+-------+---------+---------+-------
        D:1 |      33 |       0 |   0.0 |      18 |       0 |   0.0
        D:2 |     117 |      37 |  24.0 |      29 |       1 |   3.3
        D:3 |      18 |      23 |  56.1 |       4 |       5 |  55.6
            +---------+---------+-------+---------+---------+-------
